 Dungeon Crawl Stone Soup version 0.30.1-4-g462c640d31 (webtiles) character file.

Game seed: 5864501432222706664

26 Tirrikindir the Ducker (level 3, 26/26 HPs)
             Began as an Octopode Fighter on Aug 10, 2023.
             Was a Follower of Sif Muna.
             Got out of the dungeon alive.
             The game lasted 00:02:19 (818 turns).

Tirrikindir the Ducker (Octopode Fighter)            Turns: 818, Time: 00:02:20

Health: 26/26      AC:  1    Str: 15    XL:     3   Next: 8%
Magic:  3/3        EV: 13    Int: 10    God:    Sif Muna [*.....]
Gold:   126        SH:  4    Dex: 13    Spells: 2/2 levels left

rFire   . . .        a - +0 long sword
rCold   . . .        b - +0 buckler
rNeg    . . .        (helmet restricted)
rPois   .            (no amulet)
rElec   .            (no ring)
rCorr   .            (no ring)
SInv    .            (no ring)
Will    .....        (no ring)
Stlth   +++          (no ring)
HPRegen 0.24/turn    (no ring)
MPRegen 0.08/turn    (no ring)
                     (no ring)

%: no passive effects
@: no status effects
A: almost no armour, amphibious, 8 rings, camouflage 1, gelatinous body 1,
(nimble swimmer 1), tentacles
a: Renounce Religion, Channel Magic


You escaped.
You worshipped Sif Muna.
Sif Muna was aware of your devotion.
You visited 1 branch of the dungeon, and saw 2 of its levels.

You collected 126 gold pieces.

Inventory:

Hand Weapons
 a - a +0 long sword (weapon)
Armour
 b - a +0 buckler (worn)
Scrolls
 e - a scroll of amnesia
 h - a scroll of teleportation {unknown}
 j - a scroll of torment {unknown}
Potions
 c - a potion of might
 d - a potion of attraction {unknown}
 f - 2 potions of degeneration {unknown}
 g - a potion of flight {unknown}
 i - a potion of brilliance {unknown}
 k - 2 potions of heal wounds {unknown}


   Skills:
 + Level 3.2 Fighting
 * Level 2.5 Long Blades
 + Level 3.2 Dodging
 + Level 1.4 Stealth
 + Level 3.1 Shields


You had 2 spell levels left.
You didn't know any spells.
Your spell library contained the following spells:

 Spells                   Type           Power      Damage    Failure   Level
 Kiss of Death            Conj/Necr      0%         2d5       45%         1
 Confusing Touch          Hex            0%         N/A       83%         3
 Dispel Undead            Necr           0%         3d6       99%         4


Dungeon Overview and Level Annotations

Branches:
Dungeon (2/15)

Altars:
Elyvilon
Sif Muna


Innate Abilities, Weirdness & Mutations

You cannot wear most types of armour.
You are amphibious.
You can wear up to eight rings at the same time.
Your skin changes colour to match your surroundings (Stealth+).
Your rubbery body absorbs attacks. (AC +1, EV +1)
((You are camouflaged when in or above water. (Stealth+)))
You have tentacles for arms and can constrict up to eight enemies at once.


Message History

Found 19 gold pieces.
You catch the helpless endoplasm completely off-guard!
You hit the endoplasm. Your squeeze misses the endoplasm.
The endoplasm is severely wounded.
The endoplasm freezes you.
You are frozen.
You hit the endoplasm.
You kill the endoplasm!
Sif Muna accepts your kill.
Found a book of Touch.
A rat comes into view.
You see here a book of Touch.
Found a stone staircase leading up.
You see here a book of Touch.
You pick up a book of Touch and begin reading...
You add the spells Kiss of Death, Confusing Touch and Dispel Undead to your library.
The rat bites you but does no damage.
You slash the rat!
You kill the rat!
Sif Muna accepts your kill.
You see here a rat corpse.
You now have 112 gold pieces (gained 5).
You now have 126 gold pieces (gained 14).
Okay, then.
(D) Dungeon
Where to? (Enter - D:2, ? - help)
What level of the Dungeon? (default 1, ? - help) HP restored.
You see here a rat corpse.
Found a pair of gloves.
A bat comes into view.
Found a stone staircase leading down.
There is a stone staircase leading up here.
You climb upwards.
There is a stone staircase leading down here.
(D) Dungeon
Where to? (Enter - D:1 @ (x,y), ? - help)
There is a staircase leading out of the dungeon here.
Are you sure you want to leave the Dungeon?
This will make you lose the game!
You have escaped!

..##.......##....#..(###......)..
###.........######...# ########.#
#....♣....##...##..# #.#
#...........#....### #.#
##.......######### #.#
###...######...### #.# ####.###
##.......## ####.# ###...###
#.........# #....#
#.......####....@....# #.####
.........##..........#######.####
....♣......##.......##...........
.........######...####........##.
#.......## ##### #........##.
###...##### #######.....
..#####...## ######
#.......#..######## ########
#####.............# #......#


There were no monsters in sight!

Vanquished Creatures
  2 ball pythons
  A bat (D:2)
  2 endoplasms
  2 giant cockroaches
  5 goblins
  5 hobgoblins (D:1)
  2 kobolds
  3 rats
22 creatures vanquished.

Notes
Turn   | Place    | Note
-------+----------+-------------------------------------------
     0 | D:1      | Tirrikindir the Octopode Fighter began the quest for the
                  | Orb.
     0 | D:1      | Reached XP level 1. HP: 16/16 MP: 1/1
   237 | D:1      | Reached XP level 2. HP: 21/21 MP: 2/2
   310 | D:1      | Reached skill level 1 in Stealth
   551 | D:2      | Found a white marble altar of Elyvilon.
   622 | D:2      | Reached XP level 3. HP: 26/26 MP: 3/3
   688 | D:2      | Found a faded altar of an unknown god.
   694 | D:2      | Prayed at the altar of an unknown god.
   694 | D:2      | Became a worshipper of Sif Muna the Loreminder
   694 | D:2      | Reached * piety under Sif Muna
   818 | D:$      | Got out of the dungeon alive.

Illustrated notes

Levels and vault maps discovered:
D:1:      dpeg_arrival_three_same_balls, layout_basic
D:2:      layout_loops_cross, dreamdust_ecumenical_altar_angels_and_demons,
          basic_altar, minmay_pentomino_pile

Skill      XL: |  1  2 |
---------------+-------+-----
Stealth        | 1 |  1.4
Fighting       | |  3.2
Long Blades    | |  2.5
Dodging        | |  3.2
Shields        | |  3.1

Action                     || total
---------------------------++-------
  Melee: Long sword        ||    35
         Constrict         ||     9
         Tentacles         ||     4
         Punch             ||     1
    Use: Scroll            ||     3
   Stab: Sleeping          ||     3
         Distracted        ||     1
 Armour: Skin              ||     1
  Dodge: Dodged            ||    16
  Block: Buckler           ||     8
